Cogmind - Beta 16.1 @@@ ROGUE MODE // 2026.04.08 @ 21:38:24 Player: Maelyn Result: Destroyed by G-34 Mercenary with Small Laser Performance ------------- Evolutions (0) 0 Regions Visited (2) 400 Robots Destroyed (8) 40 Value Destroyed (196) 196 Prototype IDs (0) 0 Alien Tech Used (0) 0 Bonus (0) 0 TOTAL SCORE: 636 Bonus ------- None Cogmind --------- Core Integrity 0/250 Matter 276/300 Energy 100/100 System Corruption 0% Temperature Cool (6) Movement Treading (160) Location -10/Mines Parts ------- > --- POWER (1) -------- (None) > --- PROPULSION (2) --- Light Treads Light Treads > --- UTILITY (2) ------ Small Storage Unit Seismic Detector > --- WEAPON (2) ------- Light Assault Rifle > --- INVENTORY (8) ---- Ion Engine Light Ion Engine Aluminum Leg Light Assault Rifle Peak State ------------ > --- POWER ------------ Ion Engine > --- PROPULSION ------- Aluminum Leg Aluminum Leg > --- UTILITY ---------- Small Storage Unit Seismic Detector > --- WEAPON ----------- EM Pulse Gun Light Assault Rifle > --- INVENTORY -------- Ion Engine Light Ion Engine Light Treads Light Treads EM Pulse Gun [Rating: 7] Favorites ----------- Power Ion Engine Engine Ion Engine Propulsion Light Treads Treads Light Treads Leg Aluminum Leg Utility Small Storage Unit Device Seismic Detector Storage Small Storage Unit Weapon Light Assault Rifle Energy Gun EM Pulse Gun Ballistic Gun Light Assault Rifle Build | -11 -10 -10 ------- Run | Yrd Mat Min Slots Evolved . | . . . Power . | . . . Propulsion . | . . . Utility . | . . . Weapon . | . . . Parts Attached 11 | 8 . 3 Power 1 | 1 . . Engine 1 | 1 . . Core . | . . . Reactor . | . . . Propulsion 4 | 3 . 1 Treads 2 | 1 . 1 Leg 2 | 2 . . Wheel . | . . . Hover . | . . . Flight . | . . . Utility 2 | 2 . . Device 1 | 1 . . Storage 1 | 1 . . Processor . | . . . Hackware . | . . . Protection . | . . . Artifact . | . . . Weapon 4 | 2 . 2 Energy Gun 2 | 1 . 1 Energy Cannon . | . . . Ballistic Gun 2 | 1 . 1 Ballistic Cannon . | . . . Launcher . | . . . Special Weapon . | . . . Impact Weapon . | . . . Slashing Weapon . | . . . Piercing Weapon . | . . . Special Melee Weapon . | . . . Unidentified Prototypes . | . . . Parts Lost 5 | . . 5 Power 1 | . . 1 Propulsion 1 | . . 1 Utility . | . . . Weapon 3 | . . 3 Highest Loss Streak 3 | . . 3 To Critical Strikes . | . . . Average Backups 4 | 4 5 4 Power 1 | 1 2 2 Propulsion 1 | 1 2 1 Utility . | . . . Weapon . | . 1 . Tool/Special . | . . . Unused Backups 3 | . . 3 Power 2 | . . 2 Propulsion . | . . . Utility . | . . . Weapon 1 | . . 1 Tool/Special . | . . . Average Slot Usage (%) 92 | . 100 90 Engine 13 | . 14 13 Treads 16 | . . 18 Leg 9 | . 28 6 Device 14 | . 14 14 Storage 14 | . 14 14 Energy Gun 2 | . 14 . Ballistic Gun 21 | . 14 22 Peak Build Rating 7 | 7 7 7 Average Rating 6 | 4 7 6 On Entrance 4 | . 7 7 Avg Prop Armor Cover (%) . | . . . Naked Turns . | . . . Heaviest Build 14 | 14 14 13 Greatest Support 40 | 20 20 40 Greatest Overweight (x) 1 | 1 . 1 Average Overweight (x) . | . . . Largest Inventory Capacity 8 | 8 8 8 Average Capacity 7 | 7 8 8 Most Carried 6 | 6 5 5 Average Carried 4 | 4 5 4 Final Capacity 8 | 8 8 8 Final Carried 5 | 5 5 4 Class Distribution -------------------- 100% | Mutant Dominant Class ---------------- Mutant | -10/Materials Mutant | -10/Mines Resources | -11 -10 -10 ----------- Run | Yrd Mat Min Matter Collected 348 | 196 . 152 Remotely . | . . . Salvage Created 258 | 53 . 205 Parts 18 | 6 . 12 Haulers Intercepted . | . . . Recyclers Shooed . | . . . Parts Field Recycled . | . . . Retrieved Matter . | . . . Parts Self-Destructed . | . . . Prevented . | . . . Parts Restored . | . . . Kills | -11 -10 -10 ------- Run | Yrd Mat Min Combat Hostiles Destroyed 6 | . . 6 Guns 6 | . . 6 Classes Destroyed 3 | 1 . 2 Tunneler 2 | 2 . . Swarmer 2 | . . 2 Grunt 4 | . . 4 Best Kill Streak 4 | 2 . 4 Combat Bots Only 4 | . . 4 Max Kills in Single Turn 1 | 1 . 1 Gunslinging . | . . . Exploded . | . . . Melee . | . . . Uniques/NPCs Destroyed . | . . . Combat | -11 -10 -10 -------- Run | Yrd Mat Min Hostile Shots Fired 106 | . . 106 Missed 36 | . . 36 Hits 70 | . . 70 Projectile 70 | . . 70 Critical Strikes 2 | . . 2 Damage Taken 865 | . . 865 Core 251 | . . 251 Absorbed by Shields . | . . . Core Remaining (%) 100 | 100 . . Volleys Fired 50 | 5 . 45 Largest 2 | 2 . 2 Hottest 60 | 60 . 60 Shots Fired 69 | 10 . 59 Gun 69 | 10 . 59 Cannon . | . . . Launcher . | . . . Special . | . . . Kinetic 57 | 5 . 52 Thermal . | . . . Explosive . | . . . Electromagnetic 12 | 5 . 7 Robot Hit Streak 17 | 3 . 17 Robot Miss Streak 4 | 1 . 4 Penetration Max . | . . . Secondary Targets 2 | . . 2 Max Gunslinging Chain 1 | . . 1 Shots Hit Robots 46 | 6 . 40 Core Hits 20 | 3 . 17 Critical Kills . | . . . Critical Parts Destroyed . | . . . Critical Strikes . | . . . Melee Attacks . | . . . Impact . | . . . Slashing . | . . . Piercing . | . . . Sneak Attacks . | . . . Combat Hostiles . | . . . Follow-up Attacks . | . . . Damage Inflicted 431 | 78 . 353 Guns 431 | 78 . 353 Cannons . | . . . Explosions . | . . . Melee . | . . . Ramming . | . . . Kinetic 316 | 25 . 291 Thermal . | . . . Explosive . | . . . Electromagnetic 115 | 53 . 62 Impact . | . . . Slashing . | . . . Piercing . | . . . Highest Corruption . | . . . Average Corruption . | . . . Corruption Purged . | . . . Corruption Blocked . | . . . Overload Shots . | . . . Overflow Damage . | . . . Projectiles . | . . . Explosions . | . . . Melee . | . . . Knockbacks . | . . . Impact . | . . . Kinetic . | . . . Secondary . | . . . Self-Inflicted Damage . | . . . Shots . | . . . Rammed . | . . . Targets Rammed . | . . . Kicked . | . . . Crushed . | . . . Highest Temperature 148 | 40 . 148 Average Temperature 52 | 20 . 59 Received Heat Transfer 450 | . . 450 Siege Activations . | . . . Martial Activations . | . . . Shielding Activations . | . . . Robots Disrupted . | . . . Combat Hostiles . | . . . Robots Corrupted . | . . . Combat Hostiles . | . . . Parts Fried . | . . . Impact Corruptions . | . . . Robots Melted . | . . . Combat Hostiles . | . . . Parts Melted . | . . . Heat Transferred . | . . . Parts Sabotaged . | . . . Parts Stolen . | . . . Parts Stripped . | . . . Power Chain Reactions . | . . . Alert | -11 -10 -10 ------- Run | Yrd Mat Min Maximum Alert Level . | . . . Low Security (%) 100 | 100 100 100 Level 1 . | . . . Level 2 . | . . . Level 3 . | . . . Level 4 . | . . . Level 5 . | . . . High Security . | . . . Max Security . | . . . Peak Influence 60 | 5 . 60 Initial . | . . . Average 14 | . . 19 Influence Increases 160 | 10 . 150 Destroy 0b10 Robot/C 120 | . . 120 Destroy 0b10 Robot/NC 10 | 10 . . Destroy Leader 30 | . . 30 Influence Decreases 160 | 10 . 150 Time Decay 130 | 10 . 120 Lost Part 30 | . . 30 Squads Dispatched . | . . . Investigation . | . . . Extermination . | . . . Reinforcement . | . . . Assault . | . . . Garrison . | . . . Intercept . | . . . Searches Triggered . | . . . Construction Impeded . | . . . Haulers Reinforced . | . . . Active Scanning Responses . | . . . Cargo Convoy Interrupts . | . . . Stealth | -11 -10 -10 --------- Run | Yrd Mat Min Distress Signals . | . . . Communications Jammed . | . . . Distress Signals . | . . . Times Spotted 9 | . . 9 Peak Tracking Total 5 | . . 5 Tactical Retreats . | . . . Traps | -11 -10 -10 ------- Run | Yrd Mat Min Traps Triggered . | . . . Indirectly . | . . . Trap Hack Attempts . | . . . Triggered . | . . . Disarmed . | . . . Reprogrammed . | . . . Reused . | . . . Traps Extracted . | . . . Installed . | . . . Triggered . | . . . Machines | -11 -10 -10 ---------- Run | Yrd Mat Min Machines Disabled . | . . . Max in Single Turn . | . . . Machines Repaired . | . . . Machines Dismantled . | . . . Machines Sabotaged . | . . . Overloaded Fab Kills . | . . . Hacking | -11 -10 -10 --------- Run | Yrd Mat Min Machines Accessed . | . . . Terminals . | . . . Fabricators . | . . . Repair Stations . | . . . Recycling Units . | . . . Scanalyzers . | . . . Garrison Access . | . . . Total Hacks . | . . . Successful . | . . . Failed . | . . . Catastrophic . | . . . Database Lockouts . | . . . Manual . | . . . Terminals . | . . . Fabricators . | . . . Repair Stations . | . . . Recycling Units . | . . . Scanalyzers . | . . . Garrison Access . | . . . Terminal Hacks . | . . . Fabricator Hacks . | . . . Repair Station Hacks . | . . . Recycling Unit Hacks . | . . . Scanalyzer . | . . . Garrison Access Hacks . | . . . Unauthorized Hacks . | . . . Terminals . | . . . Fabricators . | . . . Repair Stations . | . . . Recycling Units . | . . . Scanalyzers . | . . . Garrison Access . | . . . Data Cores Recovered . | . . . Used . | . . . Hacking Detections . | . . . Full Trace Events . | . . . Feedback Events . | . . . Feedback Blocked . | . . . Robot Schematics Acquired . | . . . Robots Built . | . . . Authchips . | . . . Time . | . . . Total Robot Build Rating . | . . . Part Schematics Acquired . | . . . Parts Built . | . . . Authchips . | . . . Time . | . . . Total Part Build Rating . | . . . Part Studies Acquired . | . . . Parts Repaired . | . . . Time . | . . . Parts Recycled . | . . . Recycled Matter . | . . . Retrieved Matter . | . . . Retrieved Components . | . . . Parts Scanalyzed . | . . . Part Schematics Acquired . | . . . Parts Damaged . | . . . Bothacking | -11 -10 -10 ------------ Run | Yrd Mat Min Used RIF Installer . | . . . Robots Hacked . | . . . Non-combat . | . . . Combat . | . . . Robot Hacks Applied . | . . . Relay Couplers Released . | . . . Fabnet Peak Effective % . | . . . Robots Rewired . | . . . Allies Hacked . | . . . Hacks Repelled . | . . . Allies | -11 -10 -10 -------- Run | Yrd Mat Min Total Allies . | . . . Largest Group . | . . . Highest-Rated Group . | . . . Highest-Rated Ally . | . . . Total Orders . | . . . Ally Attacks . | . . . Total Damage . | . . . Kills . | . . . Allies Corrupted . | . . . Allies Melted . | . . . Intel | -11 -10 -10 ------- Run | Yrd Mat Min Active Infowar (turns) 372 | 1 47 324 Seismic 372 | 1 47 324 Robot Analysis Total . | . . . Derelict Logs Recovered 2 | . . 2 Drone Launches . | . . . Drone Recoveries . | . . . Exploration | -11 -10 -10 ------------- Run | Yrd Mat Min Turns Passed 462 | 91 47 324 Spaces Moved 227 | 50 40 137 Core 9 | 9 . . Treads 110 | 3 . 107 Legs 108 | 38 40 30 Wheels . | . . . Hover . | . . . Flight . | . . . Fastest Speed 50 | 50 120 120 Average Speed 144 | 111 120 163 Slowest Speed 190 | 160 120 190 Overloaded Moves . | . . . Propulsion Burnouts . | . . . Robots Hopped . | . . . Potential Cave-ins . | . . . Cave-ins Triggered . | . . . Exploration Rate (%) 20 | 5 11 45 Regions Visited 2 Branch Regions 1 Pre-discovered Areas 2 | . . 2 Known Exits Taken . | . . . Unknown Exits Taken 2 | 1 1 . Scrap Searched . | . . . Spaces Dug . | . . . Terrain Destroyed . | . . . Melee . | . . . Projectile . | . . . AOE . | . . . Terrain Rammed . | . . . Walls Destroyed . | . . . Machines Disabled . | . . . Actions | -11 -10 -10 --------- Run | Yrd Mat Min Total 300 | 73 39 188 Wait . | . . . Move 225 | 49 39 137 Hop . | . . . Pick Up 10 | 8 . 2 Fast Attach 4 | 4 . . Attach 7 | 4 . 3 Detach 1 | 1 . . Swap 3 | 2 . 1 Drop . | . . . Fire 50 | 5 . 45 Melee . | . . . Ram . | . . . Kick . | . . . Crush . | . . . Escape Stasis . | . . . Rewire . | . . . Trap . | . . . Miscellaneous . | . . . Route ------- -11/Scrapyard -10/Materials -10/Mines (discovered 1 exit: [*Sub]) History --------- Turn | Location | Event 8 | -11/Scrapyard | Discovered new exit (range 15) 92 | -11/Scrapyard | Entered Materials 133 | -10/Materials | Discovered new exit (range 5) 139 | -10/Materials | Entered Mines 186 | -10/Mines | Core integrity fell below 50% 191 | -10/Mines | Learned location of Zion (-6) 210 | -10/Mines | Lost 3 parts (1n2w) 303 | -10/Mines | Build established: Mutant 361 | -10/Mines | Discovered new exit (range 10) 394 | -10/Mines | Core integrity fell below 20% 463 | -10/Mines | Destroyed by G-34 Mercenary with Small Laser Last Messages --------------- 00200_ R-06 Scavenger collects Flight Unit. 00203_ Acquired Lgt. Assault Rifle. 00206_ R-06 Scavenger collects Particle Gun. 00210_ R-06 Scavenger collects Aluminum Leg. 00215_ K-01 Serf collects debris. 00232_ Acquired 34 matter. 00235_ K-01 Serf collects debris. 00361_ EXIT=FOUND 00368_ K-01 Serf collects debris. 00368_ Lgt. Assault Rifle destroyed. 00371_ K-01 Serf collects debris. 00390_ G-34 Mercenary destroyed. 00393_ K-01 Serf collects debris. 00397_ G-47 Trooper destroyed. 00406_ Acquired 91 matter. 00423_ K-01 Serf collects debris. 00438_ Acquired derelict log, extracted data. World map confirmed: -6/Zion. 00440_ K-01 Serf collects debris. 00457_ Ion Engine destroyed. Map ----- +----------------------------------------------------+ | ???????????????????????# #??????????#